HBL
IDAHO FALLS CHUKARS @ NAPERVILLE LAZY FISHERMAN
06/04/1997
 
TOP OF THE 1ST
Idaho Falls Chukars batting - Pitching for Naperville Lazy Fisherman : LHP Donovan Osborne
Pitching: LHP Donovan Osborne
Batting: LHB Wayne Kirby 0-0: Ground out U3 (Groundball, 34S, EV 93.1 MPH)
Batting: LHB Dwight Smith 0-0: Ball
1-0: SINGLE (Line Drive, 6MD, EV 100.0 MPH)
Batting: RHB Mark Lewis 0-0: Foul Ball, location: 2F
0-1: Foul Ball, location: 2F
0-2: Strikes out swinging
Batting: LHB Rico Brogna 0-0: Called Strike
0-1: Ball
1-1: Called Strike
1-2: Ball
2-2: Foul Ball, location: 2F
2-2: Foul Ball, location: 2F
2-2: Foul Ball, location: 2F
2-2: Ball
Wild Pitch!
Dwight Smith to second
3-2: Strikes out swinging
Top of the 1st over - 0 runs, 1 hit, 0 errors, 1 left on base; Idaho Falls 0 - Naperville 0
BOTTOM OF THE 1ST
Naperville Lazy Fisherman batting - Pitching for Idaho Falls Chukars : RHP Rich Hunter
Pitching: RHP Rich Hunter
Batting: SHB Denny Hocking 0-0: Foul Ball, location: 2F
0-1: Ball
1-1: Foul Ball, location: 2F
1-2: Foul Ball, location: 2F
1-2: Fly out, F7 (Flyball, 78S, EV 81.3 MPH)
Batting: SHB Walt Weiss 0-0: Ball
1-0: Called Strike
1-1: SINGLE (Groundball, 34D, EV 108.8 MPH)
Batting: RHB Jeffrey Hammonds 0-0: Ball
1-0: SINGLE (Groundball, 34D, EV 98.8 MPH)
Walt Weiss to second
Runner from 2nd tries for 3rd, SAFE, throw by RF made to third
Batting: LHB Matt Luke 0-0: Foul Ball, location: 2F
0-1: Ball
1-1: Swinging Strike
1-2: Strikes out swinging
Batting: RHB David Bell 0-0: Ball
1-0: Ball
2-0: Ball
3-0: Called Strike
3-1: SINGLE (Groundball, 56D, EV 96.9 MPH)
Walt Weiss scores
Jeffrey Hammonds to second
Batting: RHB Craig Worthington 0-0: Called Strike
0-1: Ball
1-1: Ball
2-1: Foul Ball, location: 2F
2-2: Ball
3-2: Base on Balls
Jeffrey Hammonds to third
David Bell to second
Batting: RHB Gary Bennett 0-0: Called Strike
0-1: Ball
1-1: Swinging Strike
1-2: Strikes out swinging
Bottom of the 1st over - 1 run, 3 hits, 0 errors, 3 left on base; Idaho Falls 0 - Naperville 1
TOP OF THE 2ND
Idaho Falls Chukars batting - Pitching for Naperville Lazy Fisherman : LHP Donovan Osborne
Batting: LHB Tyler Houston 0-0: Called Strike
0-1: SINGLE (Line Drive, 89S, EV 105.6 MPH)
Batting: RHB Les Norman 0-0: Ball
1-0: Ball
2-0: Ball
3-0: Called Strike
3-1: Base on Balls
Tyler Houston to second
Batting: SHB Marcus Jensen 0-0: Called Strike
0-1: Foul Ball, location: 2F
0-2: Foul Ball, location: 2F
0-2: Ball
1-2: Ball
2-2: Ball
3-2: SINGLE (Line Drive, 7S, EV 103.1 MPH)
Tyler Houston to third
Les Norman to second
Batting: LHB Darren Daulton 0-0: Ball
1-0: Swinging Strike
1-1: Grounds into double play, 6-4-3 (Groundball, 6M, EV 98.1 MPH)
Tyler Houston scores
Les Norman to third
Batting: RHB Takahiro Suzuki 0-0: Ball
1-0: Called Strike
1-1: Foul Ball, location: 2F
1-2: Strikes out swinging, 2-3 out at first.
Top of the 2nd over - 1 run, 2 hits, 0 errors, 1 left on base; Idaho Falls 1 - Naperville 1
BOTTOM OF THE 2ND
Naperville Lazy Fisherman batting - Pitching for Idaho Falls Chukars : RHP Rich Hunter
Batting: RHB Kent Anderson 0-0: Foul Ball, location: 2F
0-1: Ball
1-1: Foul Ball, location: 2F
1-2: DOUBLE (Line Drive, 7LS, EV 100.6 MPH)
Batting: LHB Dan Peltier 0-0: Ball
1-0: Ball
2-0: Foul Ball, location: 2F
2-1: Foul Ball, location: 2F
2-2: Foul Ball, location: 2F
2-2: SINGLE (Line Drive, 9S, EV 91.3 MPH)
Kent Anderson to third
Batting: SHB Denny Hocking 0-0: Called Strike
0-1: Ball
1-1: Ball
2-1: SINGLE (Line Drive, 7LS, EV 88.8 MPH)
Kent Anderson scores
Dan Peltier to second
Batting: SHB Walt Weiss 0-0: Called Strike
0-1: Called Strike
0-2: Ball
1-2: Grounds into double play, 4-6-3 (Groundball, 4, EV 88.8 MPH)
Dan Peltier to third
Batting: RHB Jeffrey Hammonds 0-0: Ball
1-0: Fly out, F3 (Popup, 34S, EV 77.5 MPH)
Bottom of the 2nd over - 1 run, 3 hits, 0 errors, 1 left on base; Idaho Falls 1 - Naperville 2
TOP OF THE 3RD
Idaho Falls Chukars batting - Pitching for Naperville Lazy Fisherman : LHP Donovan Osborne
Batting: LHB Wayne Kirby 0-0: Ground out 3-1 (Groundball, 34, EV 96.9 MPH)
Batting: LHB Dwight Smith 0-0: Ball
1-0: Foul Ball, location: 2F
1-1: Ball
2-1: Ball
3-1: Foul Ball, location: 2F
3-2: Base on Balls
Batting: RHB Mark Lewis 0-0: Ball
1-0: DOUBLE (Flyball, 78D, EV 91.9 MPH)
Dwight Smith to third
Runner from 3rd tries for Home, SAFE, throw by CF to home
Batting: LHB Rico Brogna 0-0: Swinging Strike
0-1: Ball
1-1: Fly out, F8 (Flyball, 8LD, EV 97.5 MPH)
Batting: LHB Tyler Houston 0-0: Ball
1-0: Called Strike
1-1: Foul Ball, location: 2F
1-2: Ball
2-2: Strikes out looking
Top of the 3rd over - 1 run, 1 hit, 0 errors, 1 left on base; Idaho Falls 2 - Naperville 2
BOTTOM OF THE 3RD
Naperville Lazy Fisherman batting - Pitching for Idaho Falls Chukars : RHP Rich Hunter
Batting: LHB Matt Luke 0-0: SINGLE (Groundball, 4MD, EV 96.3 MPH)
Batting: RHB David Bell 0-0: Called Strike
0-1: Foul Ball, location: 2F
0-2: Ground out 3-1 (Groundball, 34S, EV 93.8 MPH)
Matt Luke to second
Batting: RHB Craig Worthington 0-0: Ball
1-0: Ball
2-0: Called Strike
2-1: Ball
3-1: Foul Ball, location: 2F
3-2: Base on Balls
Batting: RHB Gary Bennett 0-0: Swinging Strike
0-1: Called Strike
0-2: Foul Ball, location: 2F
0-2: Ball
1-2: Strikes out swinging
Batting: RHB Kent Anderson 0-0: Ball
1-0: Ground out 1-3 (Groundball, 34S, EV 81.9 MPH)
Bottom of the 3rd over - 0 runs, 1 hit, 0 errors, 2 left on base; Idaho Falls 2 - Naperville 2
TOP OF THE 4TH
Idaho Falls Chukars batting - Pitching for Naperville Lazy Fisherman : LHP Donovan Osborne
Batting: RHB Les Norman 0-0: Ball
1-0: Fly out, F9 (Flyball, 9LSF, EV 88.1 MPH)
Batting: SHB Marcus Jensen 0-0: Ball
1-0: Fly out, F8 (Flyball, 8LS, EV 91.9 MPH)
Batting: LHB Darren Daulton 0-0: Ball
1-0: Ball
2-0: Foul Ball, location: 2F
2-1: Foul Ball, location: 2F
2-2: Fly out, F9 (Flyball, 89S, EV 96.3 MPH)
Top of the 4th over - 0 runs, 0 hits, 0 errors, 0 left on base; Idaho Falls 2 - Naperville 2
BOTTOM OF THE 4TH
Naperville Lazy Fisherman batting - Pitching for Idaho Falls Chukars : RHP Rich Hunter
Batting: LHB Dan Peltier 0-0: Called Strike
0-1: SINGLE (Flyball, 89S, EV 91.9 MPH)
Batting: SHB Denny Hocking 0-0: Ball
1-0: Foul Ball, location: 2F
1-1: Foul Ball, location: 2F
1-2: Ball
2-2: DOUBLE (Line Drive, 78D, EV 107.5 MPH)
Dan Peltier to third
Batting: SHB Walt Weiss 0-0: SINGLE (Groundball, 4D, EV 105.0 MPH)
Dan Peltier scores
Denny Hocking to third
Runner from 3rd tries for Home, SAFE, throw by CF to home
Batting: RHB Jeffrey Hammonds 0-0: Called Strike
0-1: Ball
1-1: Ball
2-1: Ball
3-1: Base on Balls
Walt Weiss to second
Batting: LHB Matt Luke 0-0: Ball
1-0: Called Strike
1-1: Fly out, F7 (Flyball, 7S, EV 84.4 MPH)
Batting: RHB David Bell 0-0: Ball
1-0: Ball
2-0: Ball
3-0: Called Strike
3-1: Base on Balls
Walt Weiss to third
Jeffrey Hammonds to second
Batting: RHB Craig Worthington 0-0: Ball
1-0: Ball
Passed Ball!
Walt Weiss scores
Jeffrey Hammonds to third
David Bell to second
2-0: Called Strike
2-1: Ground out 6-3 (Groundball, 6, EV 86.3 MPH)
Jeffrey Hammonds scores
Pitching: RHP Phil Stidham
Batting: RHB Gary Bennett 0-0: SINGLE (Groundball, 6, EV 110.0 MPH) (infield hit)
David Bell to third
Batting: RHB Kent Anderson 0-0: Fielders Choice at 2nd, U6 (Groundball, 6M, EV 99.4 MPH)
Bottom of the 4th over - 4 runs, 4 hits, 0 errors, 2 left on base; Idaho Falls 2 - Naperville 6
TOP OF THE 5TH
Idaho Falls Chukars batting - Pitching for Naperville Lazy Fisherman : LHP Donovan Osborne
Batting: RHB Takahiro Suzuki 0-0: Foul Ball, location: 2F
0-1: Ball
1-1: Ball
2-1: Fly out, F9 (Flyball, 9, EV 86.9 MPH)
Batting: LHB Wayne Kirby 0-0: Ball
1-0: Ball
2-0: SINGLE (Flyball, 8LS, EV 100.0 MPH)
Batting: LHB Dwight Smith 0-0: Swinging Strike
0-1: Foul Ball, location: 2F
0-2: Fly out, F8 (Flyball, 8LM, EV 81.3 MPH)
Batting: RHB Mark Lewis 0-0: Ball
1-0: Ground out 6-3 (Groundball, 6MS, EV 87.5 MPH)
Top of the 5th over - 0 runs, 1 hit, 0 errors, 1 left on base; Idaho Falls 2 - Naperville 6
BOTTOM OF THE 5TH
Naperville Lazy Fisherman batting - Pitching for Idaho Falls Chukars : RHP Phil Stidham
Batting: LHB Dan Peltier 0-0: Called Strike
0-1: Ball
1-1: Swinging Strike
1-2: Foul Ball, location: 2F
1-2: Ground out 6-3 (Groundball, 6, EV 91.9 MPH)
Batting: SHB Denny Hocking 0-0: Called Strike
0-1: Ball
1-1: Ball
2-1: TRIPLE (Groundball, 3L, EV 102.5 MPH)
Batting: SHB Walt Weiss 0-0: Ball
1-0: Ball
2-0: Foul Ball, location: 2F
2-1: Ground out 5-3 (Groundball, 5, EV 106.3 MPH)
Batting: RHB Jeffrey Hammonds 0-0: Ball
1-0: Ball
2-0: SINGLE (Line Drive, 89S, EV 93.1 MPH)
Denny Hocking scores
Batting: LHB Matt Luke 0-0: Ball
1-0: Ball
2-0: Called Strike
2-1: Swinging Strike
2-2: Ground out 4-3 (Groundball, 4, EV 105.0 MPH)
Bottom of the 5th over - 1 run, 2 hits, 0 errors, 1 left on base; Idaho Falls 2 - Naperville 7
TOP OF THE 6TH
Idaho Falls Chukars batting - Pitching for Naperville Lazy Fisherman : LHP Donovan Osborne
Batting: LHB Rico Brogna 0-0: Ball
1-0: Foul Ball, location: 2F
1-1: Ball
2-1: Foul Ball, location: 2F
2-2: Foul Ball, location: 2F
2-2: Foul Ball, location: 2F
2-2: Ball
3-2: Fly out, F9 (Line Drive, 9D, EV 98.8 MPH)
Batting: LHB Tyler Houston 0-0: Called Strike
0-1: Called Strike
0-2: Foul Ball, location: 2F
0-2: Foul Ball, location: 2F
0-2: SINGLE (Groundball, 3D, EV 95.6 MPH)
Batting: RHB Les Norman 0-0: Foul Ball, location: 2F
0-1: Ball
1-1: Ball
2-1: Ball
3-1: Called Strike
3-2: Grounds into double play, 4-6-3 (Groundball, 4, EV 75.6 MPH)
Top of the 6th over - 0 runs, 1 hit, 0 errors, 0 left on base; Idaho Falls 2 - Naperville 7
BOTTOM OF THE 6TH
Naperville Lazy Fisherman batting - Pitching for Idaho Falls Chukars : RHP Phil Stidham
Batting: RHB David Bell 0-0: Called Strike
0-1: Called Strike
0-2: Ball
1-2: Ground out 1-3 (Groundball, 15S, EV 66.3 MPH)
Batting: RHB Craig Worthington 0-0: Called Strike
0-1: Foul Ball, location: 2F
0-2: Ball
1-2: Strikes out looking
Batting: RHB Gary Bennett 0-0: Ball
1-0: Ball
2-0: TRIPLE (Groundball, 3L, EV 105.0 MPH)
Pitching: RHP Jeff Schwarz
Batting: RHB Kent Anderson 0-0: Ball
Wild Pitch!
Gary Bennett scores
1-0: Foul Ball, location: 2F
1-1: Ground out 5-3 (Groundball, 56, EV 100.6 MPH)
Bottom of the 6th over - 1 run, 1 hit, 0 errors, 0 left on base; Idaho Falls 2 - Naperville 8
TOP OF THE 7TH
Idaho Falls Chukars batting - Pitching for Naperville Lazy Fisherman : LHP Donovan Osborne
Batting: SHB Marcus Jensen 0-0: SINGLE (Line Drive, 8RM, EV 95.0 MPH)
Batting: LHB Darren Daulton 0-0: Foul Ball, location: 2F
0-1: Ball
1-1: Ball
2-1: SINGLE (Line Drive, 8LS, EV 91.3 MPH)
Marcus Jensen to second
Batting: RHB Takahiro Suzuki 0-0: Foul Ball, location: 2F
0-1: Ball
1-1: Called Strike
1-2: Fielders Choice at 2nd, 2-4 (Groundball, 15S, EV 67.5 MPH)
Marcus Jensen to third
Batting: LHB Wayne Kirby 0-0: Called Strike
0-1: Ball
1-1: Swinging Strike
1-2: Ball
2-2: Fielders Choice at 2nd, 4-6 (Groundball, 4S, EV 90.6 MPH)
Marcus Jensen scores
Batting: LHB Dwight Smith 0-0: SINGLE (Groundball, 56D, EV 96.3 MPH)
Wayne Kirby to second
Batting: RHB Mark Lewis 0-0: Called Strike
0-1: Ball
1-1: Ball
2-1: Called Strike
2-2: Ball
3-2: Fly out, F8 (Flyball, 8LM, EV 84.4 MPH)
Top of the 7th over - 1 run, 3 hits, 0 errors, 2 left on base; Idaho Falls 3 - Naperville 8
BOTTOM OF THE 7TH
Naperville Lazy Fisherman batting - Pitching for Idaho Falls Chukars : RHP Jeff Schwarz
Batting: LHB Dan Peltier 0-0: Foul Ball, location: 2F
0-1: Ground out 1-3 (Groundball, 13S, EV 73.1 MPH)
Batting: SHB Denny Hocking 0-0: Called Strike
0-1: Ball
1-1: Ball
2-1: Foul Ball, location: 2F
2-2: Foul Ball, location: 2F
2-2: Ball
3-2: Base on Balls
Batting: SHB Walt Weiss 0-0: Called Strike
0-1: Foul Ball, location: 2F
0-2: Ball
1-2: Ball
2-2: Strikes out swinging
Pitching: LHP Eric Nolte
Batting: RHB Jeffrey Hammonds 0-0: Called Strike
0-1: Foul Ball, location: 2F
0-2: Ball
1-2: Ball
2-2: Fielders Choice at 2nd, 6-4 (Groundball, 6, EV 100.6 MPH)
Bottom of the 7th over - 0 runs, 0 hits, 0 errors, 1 left on base; Idaho Falls 3 - Naperville 8
TOP OF THE 8TH
Idaho Falls Chukars batting - Pitching for Naperville Lazy Fisherman : LHP Donovan Osborne
Pitching: LHP Dennys Reyes
Batting: LHB Rico Brogna 0-0: Ball
1-0: Called Strike
1-1: Ball
2-1: Foul Ball, location: 2F
2-2: Strikes out swinging
Batting: LHB Tyler Houston 0-0: Swinging Strike
0-1: Ball
1-1: Foul Ball, location: 2F
1-2: Fly out, F9 (Flyball, 9, EV 80.0 MPH)
Batting: RHB Les Norman 0-0: Ball
1-0: Called Strike
1-1: Ball
2-1: Ball
3-1: Fly out, F9 (Flyball, 89M, EV 91.3 MPH)
Top of the 8th over - 0 runs, 0 hits, 0 errors, 0 left on base; Idaho Falls 3 - Naperville 8
BOTTOM OF THE 8TH
Naperville Lazy Fisherman batting - Pitching for Idaho Falls Chukars : LHP Eric Nolte
Batting: LHB Matt Luke 0-0: SINGLE (Flyball, 7S, EV 96.9 MPH)
Batting: RHB David Bell 0-0: Called Strike
0-1: Grounds into double play, 4-6-3 (Groundball, 4, EV 82.5 MPH)
Batting: RHB Craig Worthington 0-0: Ball
1-0: Foul Ball, location: 2F
1-1: Ground out 6-3 (Groundball, 6M, EV 97.5 MPH)
Bottom of the 8th over - 0 runs, 1 hit, 0 errors, 0 left on base; Idaho Falls 3 - Naperville 8
TOP OF THE 9TH
Idaho Falls Chukars batting - Pitching for Naperville Lazy Fisherman : LHP Dennys Reyes
Batting: SHB Marcus Jensen 0-0: Ball
1-0: Ball
2-0: Ball
3-0: Base on Balls
Batting: LHB Darren Daulton 0-0: Ball
1-0: Ball
2-0: Swinging Strike
2-1: Ball
3-1: Foul Ball, location: 2F
3-2: Strikes out swinging
Batting: RHB Takahiro Suzuki 0-0: Ball
1-0: Ball
2-0: Foul Ball, location: 2F
2-1: SINGLE (Line Drive, 78S, EV 113.1 MPH)
Marcus Jensen to second
Batting: LHB Wayne Kirby 0-0: Called Strike
0-1: Ball
1-1: Fielders Choice at 2nd, 1-4 (Groundball, 25, EV 76.9 MPH)
Marcus Jensen to third
Batting: LHB Dwight Smith 0-0: Ball
1-0: Ball
2-0: Called Strike
2-1: Ball
3-1: Ground out 5-3 (Groundball, 56S, EV 82.5 MPH)
Top of the 9th over - 0 runs, 1 hit, 0 errors, 2 left on base; Idaho Falls 3 - Naperville 8
Thursday, February 19th, 2026 - OOTP Baseball 20.8 Build 74